 Dungeon Crawl Stone Soup version 0.28-b1-25-g9875b3fc8c (webtiles) character file.

Game seed: 16133619898542389646

149 chmiii the Poker (level 5, -15/41 HPs)
             Began as a Merfolk Gladiator on Feb 1, 2022.
             Killed from afar by an acid dragon (33 damage)
             ... with a splash of acid
             ... on level 4 of the Dungeon.
             The game lasted 00:13:32 (2965 turns).

chmiii the Poker (Merfolk Gladiator)                Turns: 2965, Time: 00:13:32

Health: -15/41     AC:  5    Str: 16    XL:     5   Next: 31%
Magic:  5/5        EV: 12    Int:  8    God:
Gold:   110        SH:  0    Dex: 15    Spells: 4/4 levels left

rFire   . . .      SeeInvis .   a - +0 trident
rCold   . . .      Faith    .   (no shield)
rNeg    . . .      Spirit   .   m - +3 ring mail
rPois   .          Reflect  .   j - +0 helmet
rElec   .          Harm     .   (no cloak)
rCorr   .          Rampage  .   (no gloves)
Will    .....                   (no boots)
Stlth   +.........              (no amulet)
HPRegen 0.13/turn               (no ring)
MPRegen 0.09/turn               (no ring)

@: corroded
A: (nimble swimmer 2), mertail
a: no special abilities


You were on level 4 of the Dungeon.
You visited 1 branch of the dungeon, and saw 4 of its levels.

You collected 110 gold pieces.

Inventory:

Hand Weapons
 a - a +0 trident (weapon)
 b - a +0 hunting sling
Missiles
 d - 2 throwing nets (quivered)
 f - 12 sling bullets
Armour
 j - a +0 helmet (worn)
 m - a +3 ring mail (worn)
Jewellery
 k - a ring of fire
Scrolls
 c - a scroll of vulnerability {unknown}
 g - a scroll of enchant armour {unknown}
 h - 3 scrolls of magic mapping
 i - a scroll of teleportation {unknown}
 o - a scroll of immolation {unknown}
 p - a scroll of noise
Potions
 l - a potion of cancellation


   Skills:
 + Level 3.4 Fighting
 * Level 6.7 Polearms
 - Level 2.0 Throwing
 + Level 5.1 Dodging


You had 4 spell levels left.
You didn't know any spells.
Your spell library contained the following spells:

 Spells                   Type           Power      Damage    Failure   Level
 Animate Dead             Necr           0%         N/A       100%        4
 Haunt                    Necr/Summ      0%         N/A       100%        7
 Infestation              Necr           0%         N/A       100%        8


Dungeon Overview and Level Annotations

Branches:
Dungeon (4/15)
 Temple: D:4-7

Altars:

Shops:
D:3 (

Annotations:
D:3 exclusion: downstairs


Innate Abilities, Weirdness & Mutations

((You are very nimble when in or above water. (Stealth+, EV+, Speed+++)))
Your lower body shifts to a powerful aquatic tail in water.


Message History

Press: ? - help, Q - select action, (/) - cycle Shift-Dir - straight line, f/p - acid dragon
Aim: an acid dragon (lightly wounded, poisoned, catching its breath, 59% to hit)
You shoot a sling bullet. The sling bullet hits the acid dragon!
The acid dragon is heavily wounded.
Fire: 14 sling bullets
Press: ? - help, Q - select action, (/) - cycle Shift-Dir - straight line, f/p - acid dragon
Aim: an acid dragon (heavily wounded, poisoned, 59% to hit)
You shoot a sling bullet.
The sling bullet hits the acid dragon but does no damage.
The acid dragon is heavily wounded.
Fire: 13 sling bullets
Press: ? - help, Q - select action, (/) - cycle Shift-Dir - straight line, f/p - acid dragon
Aim: an acid dragon (heavily wounded, poisoned, 59% to hit)
You shoot a sling bullet.
The sling bullet closely misses the acid dragon.
The acid dragon looks more healthy.
The acid dragon spits acid at you. The splash of acid misses you.
a - a +0 trident (weapon)
You reach to attack!
You completely miss the acid dragon.
The acid dragon is heavily wounded.
You hit the acid dragon.
The acid dragon is severely wounded.
The acid dragon misses you. The acid dragon completely misses you.
You barely miss the acid dragon.
The acid dragon is severely wounded.
The acid dragon closely misses you. x2
You puncture the acid dragon!
The acid dragon is almost dead.
The acid dragon misses you. The acid dragon completely misses you.
You hit the acid dragon but do no damage.
The acid dragon is almost dead.
The acid dragon bites you.
The acid dragon claws you but does no damage.
You hit the acid dragon but do no damage.
The acid dragon is almost dead.
The acid dragon spits acid at you. The splash of acid hits you!!
Ouch! That really hurt!
You die...

*,* #...#.......#....###*** *,*
*,#.#.#.............,,, *,*
**#.#.#..<##.#######,** *,*
*,#.#.#...##.####***,** *,*
#.#.#.#...##....#,,,,** *,*
#.#.#.##>.#####.#,****
******#####.#.#.#...# #.#,#
,,,,,,......#.#.#...#####.#.#****
,,,,,,........#.@......##.#.#*,,,
,,,,,,.[......#D....##.##D#.##.#*
******#####....)....##....#....#*
*,* #..(....##############* *,*
#....#...# *....#....#* *,*
#((.##...###?##.#.##.#* *,*
##(.D.....##.##.#.#*... *,*
#(....<......##.#.#**## *,*
##........#####.#.# *


You could see an acid dragon (catching breath).

Vanquished Creatures
  Terence (D:2)
  Robin (D:2)
  5 adders
  A worm (D:2)
  A dart slug (D:2)
  4 ball pythons
  4 bats
  6 endoplasms
  4 giant cockroaches
  3 hobgoblins
  2 jackals (D:3)
  A quokka (D:2)
  3 frilled lizards
  16 goblins
  6 kobolds
  2 rats
60 creatures vanquished.

Notes
Turn   | Place    | Note
-------+----------+-------------------------------------------
     0 | D:1      | chmiii the Merfolk Gladiator began the quest for the Orb.
     0 | D:1      | Reached XP level 1. HP: 16/16 MP: 1/1
   215 | D:1      | Reached XP level 2. HP: 7/23 MP: 2/2
   532 | D:1      | Reached skill level 5 in Polearms
   545 | D:1      | Found a faded altar of an unknown god.
   820 | D:2      | Reached XP level 3. HP: 22/28 MP: 3/3
  1044 | D:2      | Noticed Robin
  1079 | D:2      | Reached XP level 4. HP: 35/35 MP: 4/4
  1105 | D:2      | Killed Robin
  1106 | D:2      | Reached skill level 6 in Polearms
  1600 | D:2      | Noticed Terence
  1624 | D:2      | Killed Terence
  1628 | D:2      | Reached skill level 5 in Dodging
  1628 | D:2      | Reached XP level 5. HP: 19/41 MP: 5/5
  2464 | D:3      | Found Daekajec's Antique Weapon Shop.
  2642 | D:4      | Noticed an acid dragon
  2965 | D:4      | Killed from afar by an acid dragon

Illustrated notes

Levels and vault maps discovered:
D:1:      co_arrival_hall_of_pillars, layout_basic,
          hellmonk_ecumenical_altar_arch_garden
D:2:      layout_loops_cross, uniq_robin, uniq_terence
D:3:      layout_loops_ring, serial_shops, shop, grunt_ministairs_4,
          minmay_misc_feat_rugged
D:4:      layout_cave_pools, serial_co_window_serial, co_window_corner_a,
          co_window_paths_b, co_window_paths_a, co_window_of_opportunity_a,
          co_window_of_opportunity_a, co_window_of_opportunity_a,
          co_window_paths_b, co_window_paths_c, co_window_corner_cb,
          co_window_corner_b, co_window_broadway_b, co_window_2corner,
          co_window_2corner, co_window_4corner_a, glass_columns_a,
          glass_columns_a, glass_columns_b, hangedman_decor_diamond_cutter,
          uniq_pikel

Skill      XL: |  1  2  3  4 |
---------------+-------------+-----
Polearms       | 5 6 |  6.7
Fighting       | 3 |  3.4
Dodging        | 5 |  5.1
Throwing       | |  2.0

Action                   |  1- 3 |  4- 6 || total
-------------------------+-------+-------++-------
Melee: Trident           |   104 |   106 ||   210
       Punch             |       |     3 ||     3
 Fire: Hunting sling     |       |     3 ||     3
Throw: Throwing net      |     1 |       ||     1
       Dart              |       |     3 ||     3
  Use: Scroll            |       |     3 ||     3
Armor: Leather armour    |     4 |       ||     4
       Ring mail         |    19 |    30 ||    49
Dodge: Dodged            |    45 |    57 ||   102
